 Dungeon Crawl Stone Soup version 0.20.1-1-g8b1a95d (webtiles) character file.

584 polve the Chiller (level 7, -5/50 HPs)
             Began as a Merfolk Ice Elementalist on July 22, 2017.
             Slain by Grinder (10 damage)
             ... on level 5 of the Dungeon.
             The game lasted 00:07:19 (5384 turns).

polve the Chiller (Merfolk Ice Elementalist)        Turns: 5384, Time: 00:07:20

Health: -5/50      AC: 13    Str: 11 (13) XL:     7   Next: 37%
Magic:  2/10       EV: 18    Int: 15 (16) God:
Gold:   145        SH:  0    Dex: 18 (20) Spells: 2/10 levels left

rFire    + . .     SeeInvis .   v - +0 trident
rCold    + . .     Gourm    .   (no shield)
rNeg     . . .     Faith    .   f - +3 leather armour
rPois    +         Spirit   .   q - +0 helmet
rElec    +         Reflect  .   (no cloak)
rCorr    +         Harm     .   (no gloves)
MR       .....                  (no boots)
Stlth    +++.......             (no amulet)
Regen    0.2/turn               (no ring)
MPRegen  0.2/turn               (no ring)

@: mighty, agile, icy armour, resistant, slow
A: change form in water, swift swim, stealthy swim, blink, robust 1
a: Blink


You were on level 5 of the Dungeon.
You were hungry.

You visited 2 branches of the dungeon, and saw 6 of its levels.

You collected 145 gold pieces.

Inventory:

Hand Weapons
 i - a +2 vampiric spear
 v - a +0 trident (weapon)
Armour
 f - a +3 leather armour (worn)
 q - a +0 helmet (worn)
Scrolls
 d - 2 scrolls of fear
 e - a scroll of remove curse
 j - a scroll of enchant weapon {unknown}
 l - a scroll of amnesia {unknown}
 m - a scroll of teleportation {unknown}
 r - a scroll of magic mapping {unknown}
 s - a scroll of fog {unknown}
Potions
 a - a potion of resistance
 g - a potion of curing
 k - 2 potions of degeneration
Books
 b - a book of Frost

   Spells                             Type                      Level
   a - Freeze                         Ice                          1
   b - Throw Frost                    Conjuration/Ice              2
   c - Ozocubu's Armour               Charms/Ice                   3
   d - Throw Icicle                   Conjuration/Ice              4
   e - Summon Ice Beast               Ice/Summoning                4
Comestibles
 c - 2 bread rations
 h - a chunk of flesh
 n - a meat ration
 p - 2 fruits


   Skills:
 + Level 5.7 Polearms
 - Level 2.0 Armour
 - Level 2.6 Dodging
 - Level 2.1 Stealth
 - Level 2.0 Spellcasting
 + Level 1.8 Conjurations
 + Level 6.6 Ice Magic


You had 2 spell levels left.
You knew the following spells:

 Your Spells              Type           Power        Failure   Level  Hunger
a - Freeze                Ice            ###.         1%          1    #......
b - Ozocubu's Armour      Chrm/Ice       ##......     22%         3    ###....
c - Throw Icicle          Conj/Ice       ##......     45%         4    #####..


Dungeon Overview and Level Annotations

Branches:
Dungeon (5/15)             Temple (1/1) D:5

Altars:
Ashenzari
Cheibriados
Dithmenos
Elyvilon
Fedhas
Hepliaklqana
Makhleb
Nemelex Xobeh
Okawaru
Qazlal
Sif Muna
Trog
Uskayaw
Xom
Zin
The Shining One

Annotations:
D:5 Grinder


Innate Abilities, Weirdness & Mutations

You revert to your normal form in water.
You are very nimble and swift while swimming.
You are very stealthy in the water. (Stealth+)
You can translocate small distances at will.
You are robust. (+10% HP)


Message History

* * * LOW HITPOINT WARNING * * *
It was a potion of agility.
You feel agile all of a sudden.
Okay, then.
You puncture Grinder!
Grinder is moderately wounded.
Grinder barely misses you.
You puncture Grinder!
Grinder is severely wounded.
Grinder hits you but does no damage.
You closely miss Grinder.
Grinder is severely wounded.
Grinder hits you but does no damage.
You barely miss Grinder.
Grinder is severely wounded.
Grinder hits you but does no damage.
You closely miss Grinder.
Grinder is severely wounded.
Grinder hits you!
You die...

.....##.......P#
##.###......###
#.##.......#
##.##.......#
#..#........#
#....#.........
#.####.......b.
#.# #####.#...
#@# ..... #5#
##### #.####
#....## #
#..>).# ...
##....###.$o.o
####[o.....o.
####...... ..%..


You could see Grinder.

Vanquished Creatures
  Eustachio (D:4)
  An ogre (D:4)
  3 orc priests
  An orc wizard (D:2)
  Jessica (D:2)
  7 adders
  5 gnolls
  2 oozes (D:1)
  A worm (D:5)
  3 dart slugs
  A leopard gecko (D:4)
  7 orcs
  11 bats
  4 giant cockroaches
  4 hobgoblins
  10 jackals (D:2)
  13 kobolds
  2 ball pythons
  3 frilled lizards
  11 goblins
  A leopard gecko zombie (D:4)
  9 rats
101 creatures vanquished.

Notes
Turn   | Place    | Note
-------+----------+-------------------------------------------
     0 | D:1      | polve the Merfolk Ice Elementalist began the quest for the Orb.
     0 | D:1      | Reached XP level 1. HP: 13/13 MP: 3/3
    24 | D:1      | Reached skill level 4 in Ice Magic
    24 | D:1      | Reached XP level 2. HP: 8/19 MP: 0/5
   503 | D:1      | Reached XP level 3. HP: 8/24 MP: 1/6
   868 | D:1      | Reached skill level 1 in Polearms
  1583 | D:2      | Noticed Jessica
  1590 | D:2      | Reached XP level 4. HP: 17/30 MP: 5/7
  1595 | D:2      | Killed Jessica
  1595 | D:2      | Reached skill level 5 in Ice Magic
  1843 | D:2      | Found a shattered altar of Ashenzari.
  1876 | D:2      | Found a hide-covered altar of Uskayaw.
  2114 | D:2      | Reached skill level 1 in Armour
  2383 | D:2      | Learned a level 3 spell: Ozocubu's Armour
  2416 | D:2      | Reached XP level 5. HP: 32/35 MP: 4/8
  2847 | D:3      | Reached XP level 6. HP: 35/41 MP: 2/9
  4057 | D:4      | Noticed Eustachio
  4345 | D:4      | Reached skill level 6 in Ice Magic
  4351 | D:4      | Learned a level 4 spell: Throw Icicle
  4442 | D:4      | Killed Eustachio
  4442 | D:4      | Reached skill level 5 in Polearms
  4442 | D:4      | Reached skill level 1 in Conjurations
  4442 | D:4      | Reached XP level 7. HP: 37/46 MP: 1/10
  5070 | D:5      | Entered Level 5 of the Dungeon
  5070 | D:5      | Found a stormy altar of Qazlal.
  5070 | D:5      | Found a blossoming altar of Fedhas.
  5070 | D:5      | Found a hazy altar of Hepliaklqana.
  5070 | D:5      | Found an iron altar of Okawaru.
  5227 | D:5      | Found a staircase to the Ecumenical Temple.
  5232 | Temple   | Entered the Ecumenical Temple
  5344 | D:5      | Noticed Grinder
  5375 | D:5      | Gained mutation: You are robust. (+10% HP) [potion of mutation]
  5375 | D:5      | Gained mutation: You can translocate small distances at will. [potion of mutation]
  5384 | D:5      | Slain by Grinder

Skill      XL: |  1  2  3  4  5  6 |
---------------+-------------------+-----
Ice Magic      | 4 5 6 |  6.6
Polearms       | 1 2 4 5 |  5.7
Armour         | 1 2 |  2.0
Conjurations   | 1 |  1.8
Dodging        | |  2.6
Stealth        | |  2.1
Spellcasting   | |  2.0

Action                   |  1- 3 |  4- 6 |  7- 9 || total
-------------------------+-------+-------+-------++-------
Melee: Flail             |    19 |       |       ||    19
       Spear             |    61 |   157 |    17 ||   235
       Trident           |       |       |    10 ||    10
 Cast: Freeze            |    26 |    84 |    24 ||   134
       Ozocubu's Armour  |       |       |     2 ||     2
  Use: Scroll            |       |     2 |     1 ||     3
       Potion            |       |       |     6 ||     6
 Stab: Sleeping          |     2 |     8 |     1 ||    11
       Distracted        |       |     1 |       ||     1
  Eat: Chunk             |     3 |    10 |     3 ||    16
Armor: Robe              |    20 |       |       ||    20
       Leather armour    |     4 |    81 |    10 ||    95
Dodge: Dodged            |    72 |   149 |    16 ||   237
